 Dungeon Crawl Stone Soup version 0.30-a0-393-g54b8e3be05 (webtiles) character file.

Game seed: 2807842041147549900

1276 Grangar the Arsonist (level 8, -2/45 HPs)
             Began as a Deep Elf Fire Elementalist on Dec 5, 2022.
             Was a Believer of Sif Muna.
             Slain by a gnoll sergeant
             ... wielding a +0 spear of freezing
              (4 damage)
             ... on level 5 of the Dungeon.
             The game lasted 00:23:26 (7003 turns).

Grangar the Arsonist (Deep Elf Fire Elementalist)   Turns: 7003, Time: 00:23:27

Health: -2/45      AC:  6    Str:  5    XL:     8   Next: 29%
Magic:  2/16       EV: 13    Int: 23    God:    Sif Muna [**....]
Gold:   239        SH:  0    Dex: 15    Spells: 3/15 levels left

rFire   . . .      SeeInvis .    i - +4 dagger (speed)
rCold   . . .      Faith    .    a - orb {light}
rNeg    . . .      Spirit   .    j - +2 robe
rPois   .          Reflect  .    s - +0 helmet
rElec   .          Harm     .    (no cloak)
rCorr   .          Rampage  .    (no gloves)
Will    .....                    e - +0 pair of boots
Stlth   +.........               (no amulet)
HPRegen 0.27/turn                (no ring)
MPRegen 0.15/turn                (no ring)

@: glowing
A: no striking features
a: Renounce Religion, Channel Magic


You were on level 5 of the Dungeon.
You worshipped Sif Muna.
Sif Muna was pleased with you.
You visited 2 branches of the dungeon, and saw 6 of its levels.

You collected 263 gold pieces.
You spent 24 gold pieces at shops.

Inventory:

Hand Weapons
 i - a +4 dagger of speed (weapon)
Armour
 a - an orb of light (worn)
 e - a +0 pair of boots (worn)
 j - a +2 robe (worn)
 s - a +0 helmet (worn)
Magical Staves
 h - a staff of earth
Jewellery
 u - a ring of poison resistance
 w - an amulet of magic regeneration
Scrolls
 c - 2 scrolls of blinking {unknown}
 d - a scroll of enchant armour
 f - a scroll of poison {unknown}
 g - a scroll of magic mapping (quivered) {unknown}
 k - a scroll of summoning {unknown}
 l - a scroll of torment
 m - a scroll of teleportation
 o - 3 scrolls of noise {unknown}
 p - a scroll of butterflies
 x - a scroll of identify
Potions
 b - a potion of magic
 n - 2 potions of lignification
 q - a potion of mutation {unknown}
 r - a potion of curing
 t - a potion of degeneration {unknown}
 v - a potion of heal wounds {unknown}
 z - a potion of flight


   Skills:
 * Level 2.4 Fighting
 * Level 3.9 Dodging
 + Level 3.4 Stealth
 - Level 4.4 Spellcasting
 - Level 1.7 Conjurations
 + Level 0.5 Translocations
 * Level 9.6 Fire Magic
 + Level 0.4 Air Magic
 * Level 1.2 Invocations


You had 3 spell levels left.
You knew the following spells:

 Your Spells              Type           Power      Damage    Failure   Level
a - Foxfire               Conj/Fire      100%       2x1d9     1%          1
b - Scorch                Fire           98%        2d9       1%          2
c - Inner Flame           Hex/Fire       27%        N/A       4%          3
d - Kindle Blastsparks    Fire/Tloc/Air  42%        2d13      7%          3
e - Magic Dart            Conj           48%        1d5       4%          1
f - Searing Ray           Conj           24%        2d5       8%          2

Your spell library contained the following spells:

 Spells                   Type           Power      Damage    Failure   Level
 Portal Projectile        Hex/Tloc       12%        N/A       26%         3
 Tukima's Dance           Hex            5%         N/A       30%         3
 Flame Wave               Conj/Fire      31%        2d9       10%         4
 Fulminant Prism          Conj/Hex       4%         3d5       56%         4
 Blade Hands              Tmut           2%         N/A       95%         5


Dungeon Overview and Level Annotations

Branches:
Dungeon (5/15)             Temple (1/1) D:4

Altars:
Ashenzari
Cheibriados
Dithmenos
Elyvilon
Fedhas
Gozag
Hepliaklqana
Kikubaaqudgha
Nemelex Xobeh
Okawaru
Qazlal
Ru
Sif Muna
Vehumet
Yredelemnul
The Shining One

Shops:
D:1 =   D:2 ?


Message History

There are monsters nearby!
You start resting.
A gnoll sergeant is nearby!
There are monsters nearby!
There is a stone staircase leading down here.
The gnoll throws a throwing net.
The throwing net hits you.
You become entangled in the net!
You see here a throwing net.
You struggle against the net.
You struggle against the net.
You shred the net and break free! The gnoll attacks as you move away!
The gnoll hits you but does no damage.
Casting: Foxfire (safe; 1% risk of failure)
Confirm with . or Enter, or press ? or * to list all spells.
Flames lash the gnoll.
The gnoll is severely wounded.
The gnoll's fire resistance burns away.
The gnoll hits you but does no damage.
The gnoll sergeant hits you from afar with a +0 spear of freezing!
The gnoll sergeant freezes you.
The gnoll sergeant hits you from afar with a +0 spear of freezing.
The gnoll sergeant freezes you.
The gnoll throws a throwing net.
The throwing net hits you.
You become entangled in the net!
You see here a throwing net.
You tear a large gash into the net.
The gnoll sergeant hits you from afar with a +0 spear of freezing.
The gnoll sergeant freezes you.
You shred the net and break free!
The gnoll is no longer more vulnerable to fire.
The gnoll barely misses you.
The gnoll sergeant hits you from afar with a +0 spear of freezing!
The gnoll sergeant freezes you.
* * * LOW HITPOINT WARNING * * *
The gnoll attacks as you move away! The gnoll barely misses you.
There is a stone staircase leading up here.
The gnoll hits you but does no damage.
The gnoll sergeant hits you from afar with a +0 spear of freezing!
* * * LOW HITPOINT WARNING * * *
The gnoll sergeant freezes you.
You die...

#...#..#.#### #........##†##)...
#..##.......####.....))...##....
##..##.#......##........)†.##....
#.#....#.###...................#'
........................).....##.
........##.##..........##...#.##.
...................#....#...#.##.
.......###........##...........##
.......# #......@.##............#
.......# ##......g#..............
....#...# #.......g..............
...##..###...##.........^..######
.......# ##.# ##.........)..##
.####..# # #.............#
####...# #............## .....?..
##.........##.## #...##. ....
....).....>...)###


You could see a gnoll sergeant and a gnoll.

Vanquished Creatures
  Grinder (D:4)
  Sigmund (D:4)
  An ogre (D:4)
  2 gnoll sergeants (D:5)
  8 hounds
  An orc priest (D:5)
  A gnoll bouda (D:5)
  Jessica (D:2)
  An iguana (D:5)
  2 orc wizards (D:5)
  13 gnolls (D:5)
  7 adders
  A worm (D:2)
  5 dart slugs
  12 orcs
  10 endoplasms
  3 giant cockroaches
  21 goblins
  13 hobgoblins
  9 jackals (D:5)
  5 kobolds
  3 quokkas
  3 ball pythons
  10 bats
  A frilled lizard (D:2)
  6 rats
141 creatures vanquished.

Vanquished Creatures (others)
  316 foxfires
316 creatures vanquished.

Grand Total: 457 creatures vanquished

Notes
Turn   | Place    | Note
-------+----------+-------------------------------------------
     0 | D:1      | Grangar the Deep Elf Fire Elementalist began the quest for
                  | the Orb.
     0 | D:1      | Reached XP level 1. HP: 10/10 MP: 6/6
    42 | D:1      | Found Uxurik's Jewellery Shoppe.
    71 | D:1      | Reached XP level 2. HP: 11/15 MP: 0/8
    75 | D:1      | Learned a level 2 spell: Scorch
   941 | D:2      | Reached XP level 3. HP: 16/19 MP: 3/9
   945 | D:2      | Learned a level 3 spell: Inner Flame
   948 | D:2      | Reached skill level 4 in Fire Magic
  1158 | D:2      | Noticed Jessica
  1161 | D:2      | Killed Jessica
  1162 | D:2      | Reached XP level 4. HP: 23/24 MP: 4/11
  1356 | D:2      | Learned a level 3 spell: Kindle Blastsparks
  1932 | D:2      | Found Unasu's Magic Scroll Shop.
  1938 | D:2      | Bought a scroll of identify for 24 gold pieces
  2814 | D:3      | Found a hazy altar of Hepliaklqana.
  3216 | D:3      | Learned a level 1 spell: Magic Dart
  3375 | D:3      | Reached XP level 5. HP: 28/28 MP: 9/13
  3933 | D:4      | Reached skill level 1 in Fighting
  3936 | D:4      | Learned a level 2 spell: Searing Ray
  3943 | D:5      | Entered Level 5 of the Dungeon
  4203 | D:4      | Found a staircase to the Ecumenical Temple.
  4225 | D:4      | Reached skill level 5 in Fire Magic
  4235 | Temple   | Entered the Ecumenical Temple
  4505 | Temple   | Became a worshipper of Sif Muna the Loreminder
  4540 | D:4      | Found a radiant altar of Vehumet.
  4545 | D:4      | Noticed an ogre
  4552 | D:4      | Killed an ogre
  4671 | D:4      | Noticed Grinder
  4682 | D:4      | Paralysed by Grinder for 4 turns
  4686 | D:4      | Killed Grinder
  4687 | D:4      | Reached skill level 6 in Fire Magic
  4687 | D:4      | Reached XP level 6. HP: 8/35 MP: 4/14
  4859 | D:4      | Found a blossoming altar of Fedhas.
  4993 | D:4      | Found a shadowy altar of Dithmenos.
  4993 | D:4      | Noticed Sigmund
  5011 | D:4      | Reached skill level 7 in Fire Magic
  5011 | D:4      | Reached XP level 7. HP: 39/39 MP: 6/15
  5249 | D:4      | Killed Sigmund
  5251 | D:4      | Reached * piety under Sif Muna
  5600 | D:4      | Found a sparkling altar of Nemelex Xobeh.
  5969 | D:5      | Reached skill level 8 in Fire Magic
  6137 | D:5      | Found a snail-covered altar of Cheibriados.
  6429 | D:5      | Reached XP level 8. HP: 44/44 MP: 9/16
  6439 | D:5      | Reached skill level 9 in Fire Magic
  6479 | D:5      | Reached skill level 1 in Invocations
  6581 | D:5      | Reached ** piety under Sif Muna
  7003 | D:5      | HP: 2/45 [gnoll sergeant/+0 spear of freezing (10)]
  7003 | D:5      | Slain by a gnoll sergeant

Illustrated notes

Levels and vault maps discovered:
D:1:      minmay_arrival_glassed_features, layout_rooms, serial_shops,
          shop_statue, minmay_misc_feat_room
D:2:      minmay_inner_zag, layout_basic, serial_shops, nicolae_shop_stone,
          uniq_jessica
D:3:      layout_basic, mainiacjoe_overflow_tiny_flanked,
          grunt_decor_mini_mirrors
D:4:      layout_gridville, fiery_altar_vehumet, lemuel_coloured_pillars_altar,
          kennysheep_little_box, lemuel_tele_altar,
          minmay_temple_entry_antechambers, minmay_ogre_servants, uniq_grinder,
          uniq_sigmund
D:5:      layout_cave_pools, mainiacjoe_overflow_swirl, serial_gnoll_camp,
          gnoll_camp_medium_02, gnoll_camp_mini_basic, gnoll_camp_mini_house,
          gnoll_camp_mini_doghouse, gnoll_camp_mini_hut, grunt_ministairs_5
Temple:   dpeg_chambers_temple

Skill      XL: |  1  2  3  4  5  6  7  8 |
---------------+-------------------------+-----
Fire Magic     | 4 6 7 8 9 |  9.6
Spellcasting   | 4 |  4.4
Stealth        | 3 |  3.4
Fighting       | 1 2 |  2.4
Dodging        | 3 |  3.9
Invocations    | 1 |  1.2
Conjurations   | |  1.7
Translocations | |  0.5
Air Magic      | |  0.4

Action                   |  1- 3 |  4- 6 |  7- 9 || total
-------------------------+-------+-------+-------++-------
 Cast: Foxfire           |    50 |    62 |    89 ||   201
       Scorch            |    14 |    34 |    34 ||    82
       Inner Flame       |       |     3 |     3 ||     6
       Magic Dart        |       |     3 |       ||     3
       Kindle Blastspark |       |     1 |     1 ||     2
  Use: Scroll            |     1 |     4 |       ||     5
       Potion            |     1 |     1 |     1 ||     3
Armor: Robe              |     5 |     1 |     5 ||    11
Dodge: Dodged            |    21 |    10 |    15 ||    46

Table legend: (Time is in decaauts)
 A = Elapsed time spent in this place.
 B = Non-inter-level travel time spent in this place.
 C = Inter-level travel time spent in this place.
 D = Time resting spent in this place.
 E = Time spent auto-exploring this place.
 F = Levels seen in this place.
 G = Mean time per level.
                   A        B        C        D        E       F      G
               +--------+--------+--------+--------+--------+-----+--------+
         Total |   7009 |   6268 |    741 |   2253 |   3117 |   6 | 1168.2 |
       Dungeon |   6725 |   6054 |    671 |   2253 |   2913 |   5 | 1345.0 |
        Temple |    283 |    213 |     70 |      0 |    204 |   1 |  283.0 |
               +--------+--------+--------+--------+--------+-----+--------+

Top non-repeatable levels by time:
     D:2: 2032 daAuts
     D:4: 1401 daAuts
     D:5: 1230 daAuts
     D:3: 1184 daAuts
     D:1: 876 daAuts
  Temple: 283 daAuts
